 Dungeon Crawl Stone Soup version 0.27.1-35-g4d5d836560 (webtiles) character file.

Game seed: 2407137395790552337

14527 Froggeryz the Basher (level 12, -8/84 HPs)
             Began as an Octopode Berserker on Jan 6, 2023.
             Was a High Priest of Trog.
             Mangled by a red devil (11 damage)
             ... summoned by a kobold demonologist
             ... on level 12 of the Dungeon on Jan 8, 2023.
             The game lasted 00:19:21 (13059 turns).

Froggeryz the Basher (Octopode Berserker)          Turns: 13059, Time: 00:19:22

Health: -8/84      AC:  5    Str: 17    XL:     12   Next: 17%
Magic:  0/21       EV: 22    Int:  9    God:    Trog [*****.]
Gold:   633        SH:  0    Dex: 22    Spells: 11/11 levels left

rFire    . . .     SeeInvis .   U - +1 flail (drain)
rCold    . . .     Faith    .   (no shield)
rNeg     . . .     Spirit   +   (helmet restricted)
rPois    +         Reflect  .   g - amulet of guardian spirit
rElec    .         Harm     .   n - +4 ring of protection
rCorr    .         Rampage  .   q - +4 ring of evasion
Will     .....                  t - ring of magical power
Stlth    +++.......             I - +6 ring of dexterity
HPRegen  0.24/turn              J - ring of poison resistance
MPRegen  0.17/turn              (no ring)
                                (no ring)
                                (no ring)

@: no status effects
A: almost no armour, amphibious, 8 rings, camouflage 1, gelatinous body 1,
(nimble swimmer 1), tentacles
a: Renounce Religion, Berserk, Trog's Hand, Brothers in Arms


You were on level 12 of the Dungeon.
You worshipped Trog.
Trog was extremely pleased with you.
You visited 2 branches of the dungeon, and saw 13 of its levels.
You also visited: Sewer.

You collected 685 gold pieces.
You spent 52 gold pieces at shops.

Inventory:

Hand Weapons
 u - a +2 dagger of venom
 v - a +0 morningstar
 G - a +1 long sword of flaming
 H - a +1 flail of protection
 U - a +1 flail of draining (weapon)
Missiles
 h - 7 curare-tipped darts
 k - 40 poisoned darts (quivered)
 l - 23 boomerangs
Jewellery
 d - a ring of ice
 g - an amulet of guardian spirit (around mantle)
 n - a +4 ring of protection (left tentacle)
 q - a +4 ring of evasion (right tentacle)
 t - a ring of magical power (on tentacle)
 y - an amulet of the acrobat
 I - a +6 ring of dexterity (on tentacle)
 J - a ring of poison resistance (on tentacle)
Wands
 A - a wand of charming (22)
 D - a wand of paralysis (4)
 F - a wand of flame (27)
 P - a wand of polymorph (10)
 Q - a wand of iceblast (7)
 W - a wand of acid (8)
Scrolls
 a - a scroll of vulnerability {unknown}
 b - 3 scrolls of fog
 e - a scroll of magic mapping
 p - 4 scrolls of fear
 s - 2 scrolls of enchant armour
 z - a scroll of enchant weapon
 C - 2 scrolls of teleportation
 K - 2 scrolls of identify
 M - a scroll of torment {unknown}
 O - a scroll of noise {unknown}
Potions
 c - 9 potions of flight
 f - a potion of heal wounds
 i - 2 potions of haste
 j - 3 potions of brilliance {unknown}
 m - 2 potions of ambrosia {unknown}
 r - 4 potions of attraction
 w - 2 potions of lignification {unknown}
 x - a potion of berserk rage {unknown}
 B - a potion of might {unknown}
 E - a potion of degeneration {unknown}
 L - 2 potions of cancellation {unknown}
 N - a potion of invisibility {unknown}
 R - a potion of resistance {unknown}
 S - 2 potions of mutation {unknown}
 T - a potion of curing
 V - a potion of magic {unknown}


   Skills:
 - Level 8.3 Fighting
 * Level 14.5 Maces & Flails
 + Level 7.1 Throwing
 - Level 7.4 Dodging


You had 11 spell levels left.
You didn't know any spells.
Your spell library was empty.

Dungeon Overview and Level Annotations

Branches:
Dungeon (12/15)            Temple (1/1) D:6            Lair (0/6) D:8
    Orc (0/2) D:9           Sewer (visited)

Altars:
Dithmenos
Elyvilon
Fedhas
Gozag
Hepliaklqana
Kikubaaqudgha
Nemelex Xobeh
Okawaru
Qazlal
Sif Muna
Uskayaw
Vehumet
Wu Jian
Yredelemnul
Zin
The Shining One

Shops:
D:5 *

Annotations:
D:4 3 runed translucent doors, CrazyMind's ghost, amateur NaFi
D:12 Jorgrun


Innate Abilities, Weirdness & Mutations

You cannot wear most types of armour.
You are amphibious.
You can wear up to eight rings at the same time.
Your skin changes colour to match your surroundings (Stealth+).
Your rubbery body absorbs attacks. (AC +1, EV +1)
((You are camouflaged near water. (Stealth+)))
You have tentacles for arms and can constrict up to eight enemies at once.


Message History

* * * LOW HITPOINT WARNING * * *
The kobold demonologist casts a spell.
Aiming: Corrosive Bolt
Press: ? - help, Shift-Dir - straight line, f - centaur warrior
Aim: a centaur warrior, wielding a +0 longbow and quivering arrows (black smoke, heavily wounded, 79% to hit)
The bolt of acid hits the centaur warrior!
The centaur warrior is splashed with acid!
The centaur warrior is severely wounded.
Your vampire mosquito barely misses the centaur warrior.
The centaur warrior shoots an arrow.
The arrow closely misses you.
Your vampire mosquito bites the red devil!
Your vampire mosquito bites the centaur warrior.
Your vampire mosquito draws strength from the centaur warrior's injuries!
The red devil hops backward while attacking.
The red devil hits your vampire mosquito from afar with a +0 trident!!
The kobold demonologist hits your vampire mosquito with a +0 dagger.
You swap places.
The centaur warrior unwields a +0 longbow.
The centaur warrior hits something!
The centaur warrior kicks something but does no damage.
Your vampire mosquito closely misses the centaur warrior.
Your vampire mosquito bites the centaur warrior.
Your vampire mosquito draws strength from the centaur warrior's injuries!
The centaur warrior hits something.
Aiming: Corrosive Bolt
Press: ? - help, Shift-Dir - straight line, f - Jorgrun, p - centaur warrior
Aim: Jorgrun, wielding a +0 vorpal quarterstaff and wearing a +0 robe (heavily wounded, covered in acid, ally target, 53% to hit)
The bolt of acid misses the red devil.
The bolt of acid hits the centaur warrior!
The centaur warrior is splashed with acid.
The acid corrodes the centaur warrior!
You kill the centaur warrior!
Trog accepts your kill.
The bolt of acid hits Jorgrun!
Jorgrun is splashed with acid.
Jorgrun is heavily wounded.
Your vampire mosquito bites Jorgrun!
Your vampire mosquito draws strength from Jorgrun's injuries!
Your vampire mosquito misses Jorgrun.
The red devil hits you from afar with a +0 trident!
You die...

######'##### #..##
##..# ##.# #####'###
###+### #.....#.#
....... ###.#.#(###
.......
...#...'.###.)>....
#.#####.#.@.#yK§).B.
#^ ...###B4)g()... #
##### ###yy.....
§...... o......
....... ####+##


You could see Jorgrun (corroded, ally target), a red devil (summoned), a
friendly boulder beetle (summoned) and 2 friendly vampire mosquitoes.

Vanquished Creatures
  Fannar (D:10)
  A centaur warrior (D:12)
  3 two-headed ogres
  A manticore (D:11)
  A cyclops (D:12)
  Maurice (D:8)
  A kobold demonologist (D:12)
  Maggie (D:7)
  Psyche (D:8)
  3 trolls
  Grinder (D:5)
  A raiju (shapeshifter) (D:9)
  2 vampires
  Sigmund (D:4)
  2 wyverns
  11 yaks
  A steam dragon (D:10)
  Grum (D:8)
  Menkaure (D:4)
  3 wargs (D:8)
  2 acid dragons
  Edmund (D:5)
  An ice beast (D:4)
  4 orc warriors
  2 sky beasts
  A necrophage (D:4)
  A black bear (D:5)
  10 centaurs
  An ogre (D:4)
  4 wolves (D:8)
  2 phantoms (D:7)
  4 scorpions
  A gnoll sergeant (D:7)
  A wyvern zombie (D:5)
  A wyvern skeleton (D:7)
  5 killer bees (D:8)
  7 centaur zombies
  2 centaur skeletons
  6 orc priests
  4 bullfrog skeletons
  A gnoll shaman (D:6)
  3 hounds
  2 jellies
  Terence (D:3)
  An iguana (D:7)
  2 merfolk sirens (Sewer)
  10 orc wizards
  A merfolk avatar (Sewer)
  A hound skeleton (D:4)
  A hound zombie (D:5)
  Robin (D:2)
  A howler monkey zombie (D:9)
  8 gnolls
  2 howler monkey skeletons
  2 river rats (Sewer)
  10 adders
  2 white imps
  2 ufetubi
  An adder skeleton (D:4)
  A dart slug (D:3)
  45 orcs
  4 endoplasms
  6 giant cockroaches
  13 hobgoblins
  6 quokkas
  11 ball pythons
  8 bats
  12 frilled lizards
  17 goblins
  8 kobolds
  21 rats
302 creatures vanquished.

Vanquished Creatures (collateral kills)
  A hydra (D:12)
  A cyclops (D:12)
  3 kobolds (D:12)
5 creatures vanquished.

Grand Total: 307 creatures vanquished

Notes
Turn   | Place    | Note
-------+----------+-------------------------------------------
     0 | D:1      | Froggeryz the Octopode Berserker began the quest for the
                  | Orb.
     0 | D:1      | Reached XP level 1. HP: 16/16 MP: 1/1
   195 | D:1      | Reached XP level 2. HP: 19/21 MP: 2/2
   461 | D:1      | Found a faded altar of an unknown god.
  1088 | D:1      | Reached XP level 3. HP: 26/26 MP: 3/3
  1458 | D:2      | Reached ** piety under Trog
  1781 | D:2      | Reached skill level 4 in Maces & Flails
  1811 | D:3      | Noticed Terence
  1813 | D:3      | Noticed Robin
  1817 | D:3      | Killed Terence
  1818 | D:3      | Reached XP level 4. HP: 29/33 MP: 4/4
  1830 | D:2      | Killed Robin
  2187 | D:3      | Reached XP level 5. HP: 20/37 MP: 2/5
  2592 | D:3      | Reached skill level 5 in Maces & Flails
  2593 | D:3      | Reached *** piety under Trog
  2939 | D:3      | Found an opulent altar of Gozag.
  2939 | D:3      | Found a sparkling altar of Nemelex Xobeh.
  3004 | D:4      | Noticed Sigmund
  3013 | D:4      | Killed Sigmund
  3014 | D:4      | Reached XP level 6. HP: 44/44 MP: 6/6
  3103 | D:4      | Reached skill level 6 in Maces & Flails
  3390 | D:4      | Noticed Menkaure
  3398 | D:4      | Killed Menkaure
  3399 | D:4      | Reached skill level 5 in Fighting
  3399 | D:4      | Reached XP level 7. HP: 50/50 MP: 7/7
  3589 | D:4      | Noticed CrazyMind's ghost (amateur NaFi)
  3590 | D:4      | Found a runed translucent gate.
  3590 | D:4      | Found a runed translucent gate.
  3590 | D:4      | Found a runed translucent gate.
  3773 | D:5      | Entered Level 5 of the Dungeon
  3797 | D:5      | Noticed Grinder
  3805 | D:5      | Killed Grinder
  3806 | D:5      | Reached skill level 7 in Maces & Flails
  3809 | D:5      | Reached XP level 8. HP: 35/56 MP: 8/8
  4070 | D:5      | Reached skill level 8 in Maces & Flails
  4243 | D:4      | Reached skill level 5 in Dodging
  4252 | D:5      | Noticed Edmund
  4282 | D:5      | Killed Edmund
  4538 | D:5      | Found Fompalo's General Store.
  4546 | D:5      | Bought a scroll of fear for 52 gold pieces
  4588 | D:5      | Reached XP level 9. HP: 23/63 MP: 7/9
  5170 | D:6      | Reached skill level 9 in Maces & Flails
  5292 | D:6      | Found a staircase to the Ecumenical Temple.
  5325 | D:6      | Found a glowing drain.
  5334 | Sewer    | Entered a sewer
  5426 | Sewer    | Reached **** piety under Trog
  5875 | D:6      | You fall into a shaft and drop 2 floors!
  5934 | D:8      | Found a staircase to the Lair.
  5994 | D:8      | Reached ***** piety under Trog
  6534 | D:7      | Noticed Maggie
  6547 | D:7      | Killed Maggie
  6548 | D:7      | Reached skill level 10 in Maces & Flails
  6578 | D:7      | Found a white marble altar of Elyvilon.
  7496 | Temple   | Entered the Ecumenical Temple
  7710 | D:7      | Reached XP level 10. HP: 69/72 MP: 10/10
  8186 | D:8      | Noticed Psyche
  8208 | D:8      | Killed Psyche
  8288 | D:8      | Found a hazy altar of Hepliaklqana.
  8360 | D:8      | Noticed Maurice
  8368 | D:8      | Killed Maurice
  8369 | D:8      | Reached skill level 11 in Maces & Flails
  8390 | D:8      | Identified the +1 long sword "Mocsatz" {flame, Contam
                  | Dex+7}
  8434 | D:8      | Noticed Grum
  8438 | D:8      | Paralysed by Grum for 4 turns
  8531 | D:8      | Killed Grum
  8827 | D:8      | Found a glowing golden altar of the Shining One.
  8847 | D:8      | Reached skill level 1 in Throwing
  9538 | D:9      | Noticed a two-headed ogre
  9575 | D:9      | Killed a two-headed ogre
  9576 | D:9      | Reached skill level 12 in Maces & Flails
  9765 | D:9      | Received a gift from Trog
  9766 | D:9      | Reached XP level 11. HP: 72/78 MP: 11/11
  9821 | D:9      | Found an iron altar of Okawaru.
 10092 | D:9      | Found a staircase to the Orcish Mines.
 10396 | D:9      | Found an ornate altar of the Wu Jian Council.
 10444 | D:10     | Entered Level 10 of the Dungeon
 10686 | D:10     | Found a blossoming altar of Fedhas.
 10714 | D:10     | Noticed Fannar
 10731 | D:10     | Killed Fannar
 10732 | D:10     | Reached skill level 13 in Maces & Flails
 10867 | D:10     | Reached skill level 5 in Throwing
 11065 | D:10     | Found a radiant altar of Vehumet.
 11088 | D:10     | Noticed a two-headed ogre
 11105 | D:10     | Killed a two-headed ogre
 11421 | D:10     | Found a shimmering blue altar of Sif Muna.
 11463 | D:10     | Found a stormy altar of Qazlal.
 11464 | D:10     | Found an ancient bone altar of Kikubaaqudgha.
 11468 | D:10     | Found a shadowy altar of Dithmenos.
 11746 | D:11     | Noticed a two-headed ogre
 11746 | D:11     | Noticed a manticore
 11769 | D:11     | Killed a two-headed ogre
 11849 | D:11     | Killed a manticore
 12152 | D:11     | Reached skill level 14 in Maces & Flails
 12178 | D:11     | Noticed a +0 falchion
 12182 | D:11     | Noticed a +0 spear
 12182 | D:11     | Noticed a +0 falchion
 12182 | D:11     | Noticed a +0 short sword
 12183 | D:11     | Noticed a +0 spear
 12183 | D:11     | Noticed a +0 dagger
 12183 | D:11     | Noticed a +0 dagger
 12183 | D:11     | Noticed a +0 short sword
 12196 | D:11     | Found a hide-covered altar of Uskayaw.
 12398 | D:11     | HP: 3/78 [centaur (1)]
 12406 | D:11     | Reached XP level 12. HP: 33/84 MP: 0/12
 13044 | D:12     | Noticed a seven-headed hydra
 13044 | D:12     | Noticed a centaur warrior
 13046 | D:12     | Noticed Jorgrun
 13047 | D:12     | Received a gift from Trog
 13049 | D:12     | Killed a seven-headed hydra
 13055 | D:12     | Noticed a sun demon
 13056 | D:12     | HP: 2/84 [centaur warrior/arrow (20)]
 13059 | D:12     | Killed a centaur warrior
 13059 | D:12     | Mangled by a red devil

Illustrated notes

Levels and vault maps discovered:
D:1:      minmay_arrival_stair_chambers, layout_basic, serial_forest,
          infiniplex_forest_clump_double, infiniplex_forest_side_room,
          infiniplex_forest_straight_4, infiniplex_forest_lined_2,
          infiniplex_forest_lined_3, infiniplex_forest_straight_1,
          infiniplex_forest_split, infiniplex_forest_lined_ring,
          infiniplex_forest_lined_3_way, chequers_ecumenical_altar_twisty
D:2:      layout_rooms
D:3:      layout_basic, grunt_temple_overflow_opulence,
          minmay_randomly_rotated_circles, uniq_terence, uniq_robin
D:4:      layout_loops_ring, gammafunk_ghost_nasty_kobolds, uniq_sigmund,
          uniq_menkaure
D:5:      minmay_diamond_boxcup, layout_basic, serial_corexii_hall,
          corexii_hall_statues_deadend, chequers_hall_statues_corner_a,
          serial_shops, shop, uniq_edmund, uniq_grinder
D:6:      layout_loops_ring, minmay_temple_entry_purple_smoke,
          portal_sewer_entry_f
D:7:      layout_basic, elyvilon_altar_5, uniq_maggie
D:8:      layout_loops_ring, overflow_temple_1_default,
          mainiacjoe_overflow_alcove_1, erik_lair_orcish_takeover, uniq_maurice,
          uniq_psyche, uniq_grum
D:9:      layout_roguey, kennysheep_okawaru_gauntlet, general_overflow_altar,
          hiddenorc1_lemuel
D:10:     layout_irregular_city, minitemple, fedhas_altar_2,
          nicolae_vehumet_radiance, uniq_fannar
D:11:     layout_roguey, hex_medium, nicolae_uskayaw_en_pointe
D:12:     layout_roguey, uniq_jorgrun
Temple:   compressed_dpeg_triangle_lava_temple

Skill      XL: |  1  2  3  4  5  6  7  8  9 10 11 12 |
---------------+-------------------------------------+-----
Maces & Flails | 4 5 6 7 8 10 12 14 | 14.5
Fighting       | 4 5 6 7 8 |  8.3
Dodging        | 4 5 6 7 |  7.4
Throwing       | 3 6 7 |  7.1

Action                   |  1- 3 |  4- 6 |  7- 9 | 10-12 || total
-------------------------+-------+-------+-------+-------++-------
Melee: Mace              |    39 |       |       |       ||    39
       Constrict         |    11 |    30 |    67 |    34 ||   142
       Tentacles         |     9 |    18 |    93 |   117 ||   237
       Short sword       |    22 |    85 |       |       ||   107
       Dagger            |       |    14 |   328 |       ||   342
       Morningstar       |       |     2 |    13 |   149 ||   164
       Flail             |       |       |       |   196 ||   196
Throw: Dart              |       |       |       |    24 ||    24
Invok: Berserk           |       |     1 |     4 |     7 ||    12
       Trog's Hand       |       |       |     2 |     4 ||     6
Evoke: Wand              |       |       |       |     2 ||     2
  Use: Scroll            |       |       |     8 |     3 ||    11
       Potion            |       |       |     1 |     4 ||     5
 Stab: Sleeping          |    11 |     8 |    13 |     9 ||    41
       Distracted        |       |       |     1 |       ||     1
Armor: Skin              |     8 |    30 |    64 |    64 ||   166
Dodge: Dodged            |    34 |    72 |   329 |   478 ||   913
